 Dungeon Crawl Stone Soup version 0.19-a0-1697-g0595f0e (webtiles) character file.

10510 Hennin the Cleaver (level 11, -2/97 HPs)
             Began as a Minotaur Fighter on Sept 27, 2016.
             Was a High Priest of Okawaru.
             Succumbed to Sonja's poison
             ... on level 11 of the Dungeon.
             The game lasted 00:46:03 (11114 turns).

Hennin the Cleaver (Minotaur Fighter)              Turns: 11114, Time: 00:46:04

Health: -2/97      AC: 20    Str: 23    XL:     11   Next: 37%
Magic:  17/17      EV:  8    Int:  5    God:    Okawaru [*****.]
Gold:   577        SH: 11    Dex: 11    Spells: 0 memorised, 19 levels left

rFire  . . .     SeeInvis +     a - +1 war axe
rCold  . . .     Gourm    .     G - +0 plate armour
rNeg   . . .     Faith    .     c - +0 shield
rPois  .         Spirit   .     J - +2 hat
rElec  .         Dismiss  .     g - +0 cloak
rCorr  .         Reflect  .     (no gloves)
MR     .....     Harm     .     m - +1 pair of boots
Stlth  ..........               (no amulet)
                                (no ring)
                                H - ring of see invisible

@: lethally poisoned (-2 -> -33), slowed, very slow
A: retaliatory headbutt, horns 2
a: Heroism, Finesse, Renounce Religion


You were on level 11 of the Dungeon.
You worshipped Okawaru.
Okawaru was extremely pleased with you.
You were not hungry.

You visited 2 branches of the dungeon, and saw 12 of its levels.

You collected 577 gold pieces.

Inventory:

Hand Weapons
 a - a +1 war axe (weapon)
 e - the +7 spear of the Illusory Songs {pierce, -Tele +Inv rC+ Str+6}
   (You found it on level 9 of the Dungeon)

   It inflicts extra damage upon your enemies.
   It affects your strength (+6).
   It protects you from cold.
   It lets you turn invisible.
   It prevents most forms of teleportation.
Armour
 c - a +0 shield (worn)
 g - a +0 cloak (worn)
 m - a +1 pair of boots (worn)
 D - the +13 crystal plate armour of Tishryo {rF- rC++ rCorr Stlth+}
   (Okawaru gifted it to you on level 10 of the Dungeon)

   It makes you vulnerable to fire.
   It greatly protects you from cold.
   It protects you from acid and corrosion.
   It makes you more stealthy.
 G - a +0 plate armour (worn)
 J - a +2 hat (worn)
Rods
 z - a +0 rod of shadows (16/16)
   (You found it on level 4 of the Dungeon)
Jewellery
 B - an uncursed ring of fire
 H - a ring of see invisible (left hand)
Wands
 i - a wand of digging (8/24)
 j - a wand of acid (8/15)
 l - a wand of random effects (18/48)
 u - a wand of iceblast (1/15)
 y - a wand of slowing (15/48)
 F - a wand of paralysis (5/24)
 I - a wand of iceblast (8/15)
Scrolls
 b - 4 scrolls of identify
 s - a scroll of teleportation
 t - 6 scrolls of remove curse
 x - a scroll of magic mapping
 C - a scroll of fog
 E - 2 scrolls of recharging
Potions
 h - a potion of agility
 o - 2 potions of flight
 q - 2 potions of brilliance
 w - 2 potions of cure mutation
Comestibles
 f - 6 bread rations
 n - 2 beef jerkies
 p - 2 royal jellies
 A - 2 meat rations


   Skills:
 + Level 9.2 Fighting
 * Level 11.4 Axes
 + Level 8.9 Armour
 + Level 7.3 Dodging
 + Level 8.9 Shields
 + Level 4.8 Spellcasting


You had 19 spell levels left.
You didn't know any spells.

Dungeon Overview and Level Annotations

Branches:
Dungeon (11/15)            Temple (1/1) D:4            Lair (0/6) D:8
    Orc (0/2) D:10

Altars:
Ashenzari
Cheibriados
Dithmenos
Elyvilon
Fedhas
Gozag
Hepliaklqana
Kikubaaqudgha
Makhleb
Nemelex Xobeh
Okawaru
Qazlal
Ru
Sif Muna
Trog
Uskayaw
Vehumet
Xom
Yredelemnul
Zin
The Shining One

Shops:
D:5 }   D:9 *

Annotations:
D:7 exclusion: ice statue
D:11 Sonja


Innate Abilities, Weirdness & Mutations

You reflexively headbutt those who attack you in melee.
You have a pair of horns on your head.


Message History

* * * LOW HITPOINT WARNING * * *
Sonja zaps a wand.
You easily resist.
Okay, then.
As you read the scroll of fear, it crumbles to dust.
You assume a fearsome visage.
Sonja looks frightened!
The unseen horror looks frightened!
* * * LOW HITPOINT WARNING * * *
You feel extremely sick.
Sonja gestures wildly while chanting.
Sonja looks slightly unstable.
As you read the scroll of teleportation, it crumbles to dust.
You feel strangely unstable.
* * * LOW HITPOINT WARNING * * *
You feel very sick.
Your surroundings suddenly seem different.
* * * LOW HITPOINT WARNING * * *
You feel very sick.
* * * LOW HITPOINT WARNING * * *
You feel very sick.
You die...

#....# ..$....
.#.###..#
.......
.........
...... #.###..#
#....## #..#
#.....# #..#
#.....# #..#
.##.....# #...
.......@# ....
.##.....# ##.#
#.....# ...
...............
###.....##.....
........# ....
###..#..# ...
#..#..# ..
....... .


There were no monsters in sight!

Vanquished Creatures
  An unseen horror (D:10)
  A hill giant (D:10)
  A deep elf mage (D:7)
  An ugly thing (D:9)
  Joseph (D:7)
  A gargoyle (D:10)
  A komodo dragon (D:8)
  A troll (D:10)
  3 hippogriffs
  Grinder (D:3)
  A two-headed ogre (D:11)
  6 yaks (D:9)
  A wyvern (D:8)
  Sigmund (D:3)
  Eustachio (D:4)
  Grum (D:9)
  A water moccasin (D:9)
  6 orc warriors
  3 sky beasts
  2 ice beasts
  An eye of draining (D:9)
  A black bear (D:8)
  A wasp (D:10)
  6 ogres
  A phantom (D:7)
  4 centaurs
  3 wolves (D:9)
  2 big kobolds
  5 bullfrogs
  7 scorpions
  5 killer bees (D:7)
  5 howler monkeys
  A centaur zombie (D:8)
  5 crimson imps
  3 quasits
  A centaur skeleton (D:6)
  3 hounds
  5 orc priests
  2 jellies
  Crazy Yiuf (D:3)
  4 iguanas
  10 worker ants
  5 orc wizards
  A killer bee zombie (D:8)
  A hound zombie (D:7)
  A hound skeleton (D:5)
  4 worker ant zombies
  12 adders
  3 gnolls (D:7)
  5 shadow imps
  3 oozes
  An adder skeleton (D:9)
  5 worms
  2 dart slugs
  3 leopard geckos
  45 orcs
  5 bats
  3 giant cockroaches
  7 goblins
  4 hobgoblins
  3 jackals (D:7)
  4 quokkas
  3 frilled lizards
  8 kobolds
  2 leopard gecko skeletons
  4 rats
245 creatures vanquished.

Vanquished Creatures (others)
  4 plants (D:8)
4 creatures vanquished.

Grand Total: 249 creatures vanquished

Notes
Turn   | Place    | Note
-------+----------+-------------------------------------------
     0 | D:1      | Hennin the Minotaur Fighter began the quest for the Orb.
     0 | D:1      | Reached XP level 1. HP: 19/19 MP: 0/0
   606 | D:2      | Reached XP level 2. HP: 27/27 MP: 1/1
   980 | D:2      | Reached XP level 3. HP: 33/33 MP: 3/3
  1031 | D:2      | Reached skill level 3 in Axes
  1398 | D:3      | Reached skill level 1 in Spellcasting
  1408 | D:3      | Noticed Grinder
  1417 | D:3      | Killed Grinder
  1417 | D:3      | Reached skill level 4 in Axes
  1417 | D:3      | Reached XP level 4. HP: 8/41 MP: 3/5
  1417 | D:3      | Reached XP level 5. HP: 10/47 MP: 3/6
  1893 | D:3      | Found a runed door.
  1898 | D:3      | Gained mutation: You have large cloven feet. [potion of beneficial mutation]
  1900 | D:3      | Noticed Crazy Yiuf
  1904 | D:3      | Killed Crazy Yiuf
  1904 | D:3      | Reached XP level 6. HP: 48/53 MP: 7/7
  2045 | D:3      | Noticed Sigmund
  2051 | D:3      | Killed Sigmund
  2051 | D:3      | Reached skill level 5 in Axes
  2435 | D:4      | Found a staircase to the Ecumenical Temple.
  2447 | D:4      | Found a sparkling altar of Nemelex Xobeh.
  2455 | Temple   | Entered the Ecumenical Temple
  2535 | Temple   | Became a worshipper of Warmaster Okawaru
  2676 | D:4      | Reached XP level 7. HP: 54/60 MP: 8/8
  2741 | D:4      | Reached skill level 5 in Armour
  2753 | D:4      | Reached skill level 5 in Fighting
  3097 | D:4      | Noticed Eustachio
  3114 | D:4      | Killed Eustachio
  3114 | D:4      | Reached * piety under Okawaru
  3114 | D:4      | Reached skill level 5 in Shields
  3264 | D:4      | Identified a -2 rod of shadows (14/14) (You found it on level 4 of the Dungeon)
  3346 | D:5      | Entered Level 5 of the Dungeon
  3366 | D:5      | Reached skill level 6 in Axes
  3769 | D:6      | Reached XP level 8. HP: 68/69 MP: 10/10
  3920 | D:6      | Found a glowing golden altar of the Shining One.
  4257 | D:6      | Reached skill level 7 in Axes
  4509 | D:5      | Reached ** piety under Okawaru
  4633 | D:5      | Found Qugaxzyss's Gadget Shop.
  5067 | D:7      | Found a stormy altar of Qazlal.
  5110 | D:7      | Noticed an ice statue
  5244 | D:7      | Found a sacrificial altar of Ru.
  5314 | D:7      | Noticed a four-headed hydra
  5424 | D:7      | Reached XP level 9. HP: 27/78 MP: 12/12
  5759 | D:7      | Reached skill level 8 in Axes
  5793 | D:7      | Lost mutation: You have large cloven feet. [potion of cure mutation]
  6070 | D:7      | Found a hazy altar of Hepliaklqana.
  6244 | D:7      | Reached *** piety under Okawaru
  6287 | D:7      | Noticed Joseph
  6296 | D:7      | Killed Joseph
  6296 | D:7      | Reached skill level 9 in Axes
  6296 | D:7      | Reached skill level 5 in Dodging
  6437 | D:7      | Noticed a deep elf mage
  6447 | D:7      | Killed a deep elf mage
  6909 | D:8      | Reached XP level 10. HP: 82/88 MP: 14/14
  6937 | D:8      | Got a bound zirconium amulet
  6939 | D:8      | Identified the amulet "Paga" {Harm *Drain rPois rF- rN++ SInv} (You found it on level 8 of the Dungeon)
  7038 | D:8      | Reached **** piety under Okawaru
  7508 | D:8      | Found a staircase to the Lair.
  7557 | D:8      | Reached skill level 10 in Axes
  7714 | D:9      | Noticed a red ugly thing
  7727 | D:9      | Killed a red ugly thing
  8392 | D:9      | Reached ***** piety under Okawaru
  8400 | D:9      | Received a gift from Okawaru
  8470 | D:9      | Noticed Grum
  8480 | D:9      | Got a transparent spear
  8481 | D:9      | Identified the +7 spear of the Illusory Songs {pierce, -Tele +Inv rC+ Str+6} (You found it on level 9 of the Dungeon)
  8511 | D:9      | Found Myrrurew's Serpentskin Sales.
  8595 | D:9      | Killed Grum
  8912 | D:9      | Found a basalt altar of Yredelemnul.
  9126 | D:10     | Entered Level 10 of the Dungeon
  9282 | D:10     | Reached XP level 11. HP: 20/95 MP: 16/16
  9488 | D:10     | Received a gift from Okawaru
  9491 | D:10     | Got a translucent crystal plate armour {god gift}
  9509 | D:10     | Reached skill level 11 in Axes
  9794 | D:10     | Identified the +13 crystal plate armour of Tishryo {rF- rC++ rCorr Stlth+} (Okawaru gifted it to you on level 10 of the Dungeon)
  9821 | D:10     | Found a staircase to the Orcish Mines.
 10228 | D:10     | Noticed a hill giant
 10238 | D:10     | Killed a hill giant
 10332 | D:10     | Noticed an unseen horror
 10339 | D:10     | Killed an unseen horror
 11082 | D:11     | Noticed Sonja
 11085 | D:11     | Noticed an unseen horror
 11092 | D:11     | Paralysed by Sonja for 3 turns
 11104 | D:11     | Paralysed by Sonja for 4 turns
 11113 | D:11     | HP: 2/97 [poisoned by Sonja]
 11114 | D:11     | Succumbed to Sonja's poison

Vault maps used:
D:1:      dpeg_arrival_line_fractal, serial_glass, glass_columns_a,
          glass_columns_a, lemuel_old_faithful
D:2:      first_bread
D:3:      uniq_grinder, uniq_crazy_yiuf_cottage, uniq_sigmund
D:4:      nemelex_xobeh_ov_fountains_minmay, minmay_box_of_dots, uniq_eustachio
D:5:      minmay_diamond_boxcup, serial_shops, shop
D:6:      nicolae_tso_carved_into_rock
D:7:      lemuel_ice_statue, kennysheep_little_box,
          nicolae_ru_great_annihilating_truth, lemuel_crystal_altar,
          grunt_ogre_cave, guppyfry_early_elven_hall, uniq_joseph
D:8:      david_lair_shrubbed
D:9:      basic_altar, guppyfry_shop_venom, uniq_grum
D:10:     erik_orc_4
D:11:     uniq_psyche, uniq_sonja
Temple:   minmay_crystal_spiral_temple

Skill      XL: |  1  2  3  4  5  6  7  8  9 10 11 |
---------------+----------------------------------+-----
Axes           | 4 5 6 7 9 10 11 | 11.4
Spellcasting   | 1 2 3 4 |  4.8
Fighting       | 4 5 6 7 8 9 |  9.2
Armour         | 4 5 6 7 8 |  8.9
Dodging        | 2 3 4 5 6 7 |  7.3
Shields        | 4 5 6 7 8 |  8.9

Action                   |  1- 3 |  4- 6 |  7- 9 | 10-12 || total
-------------------------+-------+-------+-------+-------++-------
Melee: War axe           |    80 |    54 |   319 |   345 ||   798
       Headbutt          |    14 |    11 |    65 |    70 ||   160
       Spear             |       |       |       |    31 ||    31
Evoke: Wand              |       |     3 |     1 |     5 ||     9
       Rod               |       |       |     4 |     3 ||     7
  Use: Scroll            |     4 |     2 |     8 |     4 ||    18
       Potion            |     2 |     3 |     6 |     3 ||    14
 Stab: Paralysed         |       |       |     1 |       ||     1
       Invisible         |       |       |     4 |       ||     4
  Eat: Chunk             |     2 |     4 |    14 |     9 ||    29
       Fruit             |       |       |     2 |     7 ||     9
Armor: Scale mail        |    28 |       |       |       ||    28
       Chain mail        |    12 |    11 |   188 |   118 ||   329
       Skin              |       |       |       |     1 ||     1
       Plate armour      |       |       |       |    62 ||    62
Dodge: Dodged            |    18 |    11 |   115 |   129 ||   273
Block: Shield            |    39 |    29 |   181 |   240 ||   489
